 Dungeon Crawl Stone Soup version 0.23.0 (webtiles) character file.

Game seed: 14449315917808100532

134 bpy6 the Charmwright (level 5, 0/34 HPs)
             Began as a Halfling Skald on Feb 13, 2019.
             Was an Initiate of Sif Muna.
             Slain by a quokka (2 damage)
             ... on level 4 of the Dungeon.
             The game lasted 00:14:19 (1652 turns).

bpy6 the Charmwright (Halfling Skald)               Turns: 1652, Time: 00:14:19

Health: 0/34       AC:  3    Str: 12    XL:     5   Next: 40%
Magic:  5/8        EV: 15    Int: 11    God:    Sif Muna [......]
Gold:   288        SH:  0    Dex: 15    Spells: 5/8 levels left

rFire    . . .     SeeInvis .   i - +0 hunting sling (freeze)
rCold    . . .     Gourm    .   (shield restricted)
rNeg     . . .     Faith    .   b - +0 leather armour
rPois    .         Spirit   .   (no helmet)
rElec    .         Reflect  .   (no cloak)
rCorr    .         Harm     .   (no gloves)
MR       .....                  (no boots)
Stlth    +.........             (no amulet)
HPRegen  0.11/turn              (no ring)
MPRegen  0.11/turn              (no ring)

@: infused
A: small, mutation resistance 1
a: Renounce Religion


You were on level 4 of the Dungeon.
You worshipped Sif Muna.
Sif Muna was noncommittal.
You were not hungry.

You visited 2 branches of the dungeon, and saw 5 of its levels.

You collected 288 gold pieces.

Inventory:

Hand Weapons
 c - a +2 dagger of protection
 i - a +0 hunting sling of freezing (weapon)
 k - a +1 short sword of electrocution
Missiles
 h - 97 stones (quivered)
 m - 4 large rocks
Armour
 b - a +0 leather armour (worn)
Scrolls
 e - 4 scrolls of magic mapping {unknown}
 f - a scroll of identify {unknown}
 j - 2 scrolls of teleportation {unknown}
 l - a scroll of remove curse {unknown}
Potions
 a - a potion of cancellation {unknown}
 g - a potion of degeneration {unknown}
 n - a potion of agility {unknown}
Comestibles
 d - 3 rations


   Skills:
 - Level 1.7 Fighting
 - Level 3.5 Short Blades
 + Level 0.3 Slings
 - Level 1.1 Armour
 + Level 3.3 Dodging
 + Level 2.3 Spellcasting
 * Level 1.0 Hexes
 - Level 4.0 Charms


You had 5 spell levels left.
You knew the following spells:

 Your Spells              Type           Power        Failure   Level  Hunger
a - Infusion              Chrm           ##..         7%          1    ##.....
b - Slow                  Hex            #.......     34%         2    ###....

Your spell library contained the following spells:

 Spells                   Type           Power        Failure   Level  Hunger
 Song of Slaying          Chrm           ##......     11%         2    ###....
 Shroud of Golubria       Chrm/Tloc      #.........   24%         2    ###....
 Magic Dart               Conj           #...         36%         1    ##.....
 Spectral Weapon          Hex/Chrm       #.......     36%         3    ####...
 Regeneration             Chrm/Necr      #.........   43%         3    ####...
 Blink                    Tloc           N/A          50%         2    ###....
 Call Imp                 Summ           #.......     50%         2    ###....
 Conjure Flame            Conj/Fire      #.......     73%         3    ####...
 Mephitic Cloud           Conj/Pois/Air  #.......     73%         3    ####...


Dungeon Overview and Level Annotations

Branches:
Dungeon (4/15)             Temple (1/1) D:4

Altars:
Cheibriados
Elyvilon
Fedhas
Gozag
Qazlal
Ru
Sif Muna
Uskayaw
Vehumet
Xom
Yredelemnul
The Shining One

Annotations:
D:3 3 runed translucent doors, rumpelstilzz's ghost, amateur OpVM


Innate Abilities, Weirdness & Mutations

You are small and have problems with some larger weapons.
You are somewhat resistant to further mutation.


Message History

The stone hits the orc priest.
The stone freezes the orc priest.
The orc priest is moderately wounded.
The quokka barely misses you.
The orc priest looks satisfied for a moment.
The orc priest calls upon Beogh to heal the orc priest.
The orc priest's wounds heal themselves!
The orc priest invokes the aid of Beogh against you.
Beogh smites you!
* * * LOW HITPOINT WARNING * * *
The quokka bites you.
* * * LOW HITPOINT WARNING * * *
The quokka bites you.
* * * LOW HITPOINT WARNING * * *
The orc priest looks braver for a moment.
You see here a +0 flail.
The quokka bites you.
* * * LOW HITPOINT WARNING * * *
You see here an orc corpse.
The quokka bites you.
You die...

#.#..##.#.o..o'..........
#.#...#..†#..##..........
#.#...†..o#...o..........
#.#.#.#..o#..o.......(...
#........o#.#...........(
#.........#.#............ #
###.####.#..#.#...........(
# #...# #...r#.#########...
######.#######..@#.. ##
................<.......
.#####.#######...##..%.. .#
#.# ##..# .... .# #.# #..#
.## .# #.. ...+ .. .# #####
#..# . .##..[ ...# .##.###


You could see an orc priest, 2 orcs and a quokka.

Vanquished Creatures
  An orc wizard (D:3)
  3 adders
  An ooze (D:3)
  3 worms
  4 dart slugs
  A leopard gecko (D:1)
  6 orcs
  3 giant cockroaches (D:1)
  5 goblins
  3 hobgoblins
  12 kobolds
  5 bats
  4 frilled lizards
  6 rats
  A fungus (D:2)
58 creatures vanquished.

Vanquished Creatures (others)
  4 toadstools (D:1)
4 creatures vanquished.

Grand Total: 62 creatures vanquished

Notes
Turn   | Place    | Note
-------+----------+-------------------------------------------
     0 | D:1      | bpy6 the Halfling Skald began the quest for the Orb.
     0 | D:1      | Reached XP level 1. HP: 14/14 MP: 3/3
    39 | D:1      | Reached XP level 2. HP: 14/19 MP: 1/4
   258 | D:1      | Reached XP level 3. HP: 20/24 MP: 5/5
   634 | D:2      | Reached XP level 4. HP: 23/29 MP: 7/7
   653 | D:2      | Found a blossoming altar of Fedhas.
   673 | D:2      | Found a stormy altar of Qazlal.
   959 | D:2      | Reached skill level 4 in Charms
  1153 | D:3      | Learned a level 2 spell: Slow
  1252 | D:3      | Found a runed translucent gate.
  1252 | D:3      | Found a runed translucent gate.
  1254 | D:3      | Found an opulent altar of Gozag.
  1254 | D:3      | Found a runed translucent gate.
  1255 | D:3      | Noticed rumpelstilzz's ghost (amateur OpVM)
  1378 | D:3      | Reached XP level 5. HP: 33/34 MP: 8/8
  1465 | D:4      | Found a staircase to the Ecumenical Temple.
  1472 | Temple   | Entered the Ecumenical Temple
  1529 | Temple   | Became a worshipper of Sif Muna the Loreminder
  1598 | D:4      | Reached skill level 1 in Hexes
  1652 | D:4      | Slain by a quokka

Skill      XL: |  1  2  3  4  5 |
---------------+----------------+-----
Short Blades   | 3 |  3.5
Spellcasting   | 2 |  2.3
Dodging        | 3 |  3.3
Charms         | 4 |  4.0
Hexes          | 1 |  1.0
Fighting       | |  1.7
Slings         | |  0.3
Armour         | |  1.1

Action                   |  1- 3 |  4- 6 || total
-------------------------+-------+-------++-------
Melee: Short sword       |    23 |       ||    23
       Dagger            |    84 |   105 ||   189
 Fire: Hunting sling     |       |    24 ||    24
Throw: Stone             |     1 |       ||     1
 Cast: Infusion          |     2 |     2 ||     4
       Slow              |       |     2 ||     2
  Eat: Ration            |       |     1 ||     1
Armor: Leather armour    |    16 |    11 ||    27
Dodge: Dodged            |    62 |    55 ||   117
